cohdb
Replays
Latest Replays
All Replays
Popular Replays
Top Player Replays
Match Explorer
How It Works
Community
CoH3 Stats
Reddit
Sign in to upload your games and track your stats! →
Sign in with Steam
Match 28807655
Unlisted
Match 28807655
Overview
Messages
Build Orders
End
Selects Italian Combined Arms Battlegroup
Selects Bersaglieri Squad
Bersaglieri Squad
Bersaglieri Squad
Construct Light Support Kompanie
MG34 Team
2.5-tonne Medical Truck
MG34 Team
Fire Support Elements
Selects Bersaglieri Bolster
Construct Mechanized Kompanie
Pak 38 Anti-tank Gun Team
hoke
Tomulin
computerplayer66
(◕‿◕)
Friendly Mouse(Poxie)
gameing
UED
Global Traveler
0
0
Comments
sign in to comment!
No comments posted yet!